[ AOE2 MATCH · #505482156 ]
UnrankedGoths vs Goths
Player's team · LOSS
Rival team · WIN
[ REPLAY ANALYSIS · EXTRACTED FROM THE RECORDED GAME ]
Feudal
9:16
Castle
24:56
Imperial
—
| APM avg | 63.5 |
| APM peak | 113 |
| eAPM avg | 24.7 |
| Villagers / military | 61 / 49 |
Focus
⚔️ 31.7% · 🌾 68.3%
Archer ×25 · Skirmisher ×11 · Cavalry Archer ×5 · Militia ×4 · Spearman ×4
Feudal
9:22
Castle
22:06
Imperial
—
| APM avg | 69.1 |
| APM peak | 107 |
| eAPM avg | 25.4 |
| Villagers / military | 54 / 34 |
Focus
⚔️ 32.4% · 🌾 67.6%
Archer ×19 · Militia ×5 · Scout Cavalry ×4 · Knight ×3 · Skirmisher ×3
Match map
Initial resources + every placement click. Lines = walls · curves = elevation contours. ◆ gold · ⬟ stone · ● berries · ✦ relic · ◌ wall gap
Your base· Open — 6t gap
Mawashigeri's base· Open — 6t gap
Smoothed initial terrain · ◌ = detected wall gap · hover for details
Inputs per minute
— Old Boris - - Mawashigeri
Build order — Old Boris
First 150 of 184 actions detected
| 0:00 | Queue | Villager (Male) |
| 0:00 | Queue | Villager (Male) |
| 0:01 | Queue | Villager (Male) |
| 0:01 | Queue | Villager (Male) |
| 0:02 | Build | House |
| 0:03 | Build | House |
| 0:06 | Research | Loom |
| 1:22 | Queue | Villager (Male) |
| 1:54 | Queue | Villager (Male) |
| 2:14 | Queue | Villager (Male) |
| 2:29 | Queue | Villager (Male) |
| 2:41 | Build | Mill |
| 2:48 | Queue | Villager (Male) |
| 3:24 | Queue | Villager (Male) |
| 3:54 | Build | House |
| 4:02 | Queue | Villager (Male) |
| 4:21 | Queue | Villager (Male) |
| 4:36 | Queue | Villager (Male) |
| 5:02 | Build | Lumber Camp |
| 5:03 | Queue | Villager (Male) |
| 5:25 | Queue | Villager (Male) |
| 5:55 | Build | House |
| 6:00 | Queue | Villager (Male) |
| 6:00 | Queue | Villager (Male) |
| 7:01 | Research | Feudal Age |
| 7:32 | Build | Barracks |
| 8:12 | Queue | Militia |
| 8:12 | Queue | Militia |
| 8:17 | Build | House |
| 8:52 | Build | Mining Camp |
| 8:55 | Queue | Militia |
| 9:04 | Build | Palisade Wall |
| 9:05 | Build | Palisade Wall |
| 9:16 | Age | Feudal Age |
| 9:21 | Research | Man-at-Arms (upgrade) |
| 9:35 | Queue | Villager (Male) |
| 9:46 | Queue | Villager (Male) |
| 9:47 | Build | House |
| 9:53 | Research | Double-Bit Axe |
| 9:54 | Queue | Villager (Male) |
| 10:24 | Queue | Villager (Male) |
| 10:28 | Queue | Villager (Male) |
| 10:36 | Build | House |
| 10:40 | Build | House |
| 10:42 | Build | House |
| 11:00 | Build | Palisade Wall |
| 11:01 | Build | Palisade Wall |
| 11:13 | Queue | Militia |
| 11:18 | Build | Archery Range |
| 11:32 | Queue | Villager (Male) |
| 11:55 | Build | Mill |
| 12:01 | Build | Palisade Wall |
| 12:15 | Build | Farm |
| 12:15 | Build | Farm |
| 12:16 | Build | Farm |
| 12:17 | Queue | Archer |
| 12:19 | Queue | Villager (Male) |
| 12:26 | Queue | Villager (Male) |
| 12:36 | Build | Farm |
| 12:41 | Queue | Villager (Male) |
| 12:54 | Build | Palisade Wall |
| 12:54 | Build | Palisade Wall |
| 13:11 | Queue | Archer |
| 13:13 | Queue | Villager (Male) |
| 13:19 | Queue | Villager (Male) |
| 13:20 | Build | Farm |
| 13:20 | Build | Farm |
| 13:21 | Build | Farm |
| 13:23 | Queue | Villager (Male) |
| 13:27 | Queue | Archer |
| 13:44 | Build | Blacksmith |
| 13:45 | Queue | Villager (Male) |
| 13:56 | Queue | Skirmisher |
| 14:06 | Build | Farm |
| 14:12 | Build | House |
| 14:13 | Queue | Villager (Male) |
| 14:23 | Research | Fletching |
| 14:24 | Queue | Skirmisher |
| 14:29 | Build | Farm |
| 14:33 | Queue | Villager (Male) |
| 14:40 | Build | Palisade Wall |
| 14:51 | Build | House |
| 14:57 | Research | Padded Archer Armor |
| 15:15 | Build | Farm |
| 15:16 | Build | Farm |
| 15:31 | Queue | Skirmisher |
| 15:33 | Queue | Villager (Male) |
| 15:36 | Build | Palisade Wall |
| 15:48 | Build | Farm |
| 15:50 | Queue | Archer |
| 15:50 | Queue | Villager (Male) |
| 15:52 | Build | Farm |
| 15:53 | Build | Farm |
| 15:55 | Build | Farm |
| 15:55 | Build | Farm |
| 16:10 | Build | Palisade Wall |
| 16:22 | Queue | Villager (Male) |
| 16:26 | Build | House |
| 16:33 | Queue | Villager (Male) |
| 16:39 | Queue | Villager (Male) |
| 16:48 | Build | Archery Range |
| 16:50 | Queue | Villager (Male) |
| 16:58 | Queue | Villager (Male) |
| 16:59 | Queue | Archer |
| 17:33 | Queue | Skirmisher |
| 17:37 | Build | House |
| 17:37 | Build | House |
| 17:38 | Queue | Villager (Male) |
| 17:43 | Queue | Villager (Male) |
| 17:51 | Queue | Skirmisher |
| 17:51 | Queue | Skirmisher |
| 18:00 | Queue | Skirmisher |
| 18:01 | Queue | Skirmisher |
| 18:02 | Queue | Villager (Male) |
| 18:13 | Queue | Skirmisher |
| 18:14 | Queue | Archer |
| 18:15 | Queue | Villager (Male) |
| 18:31 | Queue | Villager (Male) |
| 18:39 | Build | House |
| 18:40 | Build | House |
| 18:46 | Queue | Skirmisher |
| 18:47 | Queue | Villager (Male) |
| 18:58 | Queue | Villager (Male) |
| 19:04 | Queue | Villager (Male) |
| 19:11 | Queue | Villager (Male) |
| 19:16 | Queue | Villager (Male) |
| 19:21 | Queue | Villager (Male) |
| 19:43 | Queue | Archer |
| 19:43 | Queue | Archer |
| 19:45 | Queue | Villager (Male) |
| 19:46 | Queue | Villager (Male) |
| 20:01 | Queue | Villager (Male) |
| 20:13 | Queue | Villager (Male) |
| 20:28 | Queue | Villager (Male) |
| 20:29 | Queue | Archer |
| 20:29 | Queue | Archer |
| 20:31 | Build | House |
| 20:35 | Queue | Archer |
| 20:36 | Queue | Archer |
| 20:52 | Queue | Archer |
| 20:52 | Queue | Archer |
| 20:54 | Queue | Villager (Male) |
| 20:58 | Queue | Skirmisher |
| 21:02 | Build | Farm |
| 21:11 | Queue | Spearman |
| 21:11 | Queue | Spearman |
| 21:13 | Queue | Villager (Male) |
| 21:15 | Build | Lumber Camp |
| 21:20 | Queue | Archer |
| 21:44 | Queue | Archer |
Build order — Mawashigeri
First 150 of 160 actions detected
| 0:00 | Queue | Villager (Male) |
| 0:01 | Build | House |
| 0:02 | Build | House |
| 0:04 | Queue | Villager (Male) |
| 0:04 | Queue | Villager (Male) |
| 0:05 | Queue | Villager (Male) |
| 0:05 | Research | Loom |
| 1:32 | Queue | Villager (Male) |
| 1:49 | Build | Lumber Camp |
| 1:52 | Queue | Villager (Male) |
| 2:23 | Queue | Villager (Male) |
| 2:51 | Queue | Villager (Male) |
| 3:16 | Queue | Villager (Male) |
| 3:36 | Queue | Villager (Male) |
| 3:50 | Build | House |
| 4:08 | Queue | Villager (Male) |
| 4:34 | Queue | Villager (Male) |
| 4:56 | Queue | Villager (Male) |
| 5:23 | Queue | Villager (Male) |
| 5:46 | Build | House |
| 5:48 | Build | Barracks |
| 5:48 | Queue | Villager (Male) |
| 6:05 | Queue | Villager (Male) |
| 6:09 | Queue | Villager (Male) |
| 7:12 | Research | Feudal Age |
| 7:17 | Build | Mining Camp |
| 7:24 | Queue | Militia |
| 7:29 | Build | House |
| 7:43 | Queue | Militia |
| 8:03 | Queue | Militia |
| 8:11 | Build | Palisade Wall |
| 8:25 | Queue | Militia |
| 8:43 | Build | Mill |
| 8:44 | Queue | Villager (Male) |
| 9:03 | Queue | Villager (Male) |
| 9:22 | Age | Feudal Age |
| 9:22 | Research | Man-at-Arms (upgrade) |
| 9:57 | Queue | Villager (Male) |
| 10:09 | Build | Archery Range |
| 10:15 | Queue | Villager (Male) |
| 10:30 | Build | House |
| 10:38 | Build | Mill |
| 10:49 | Queue | Archer |
| 11:00 | Queue | Villager (Male) |
| 11:02 | Build | Farm |
| 11:15 | Build | Farm |
| 11:15 | Queue | Archer |
| 11:19 | Queue | Villager (Male) |
| 11:38 | Research | Double-Bit Axe |
| 11:44 | Build | House |
| 11:53 | Queue | Villager (Male) |
| 12:04 | Queue | Archer |
| 12:15 | Build | House |
| 12:17 | Queue | Villager (Male) |
| 12:28 | Research | Horse Collar |
| 12:52 | Queue | Archer |
| 12:59 | Queue | Villager (Male) |
| 13:10 | Queue | Archer |
| 13:17 | Build | Blacksmith |
| 13:25 | Queue | Villager (Male) |
| 13:28 | Queue | Villager (Male) |
| 13:33 | Queue | Villager (Male) |
| 13:42 | Queue | Archer |
| 13:45 | Build | House |
| 14:01 | Build | Farm |
| 14:03 | Build | Farm |
| 14:11 | Research | Fletching |
| 14:11 | Research | Fletching |
| 14:25 | Queue | Villager (Male) |
| 14:32 | Build | Farm |
| 14:34 | Build | Farm |
| 14:36 | Build | House |
| 14:38 | Build | Palisade Wall |
| 14:43 | Queue | Villager (Male) |
| 14:45 | Queue | Archer |
| 15:09 | Queue | Skirmisher |
| 15:10 | Queue | Villager (Male) |
| 15:20 | Build | Farm |
| 15:21 | Build | Farm |
| 15:36 | Research | Padded Archer Armor |
| 15:45 | Queue | Militia |
| 15:45 | Queue | Villager (Male) |
| 15:49 | Build | Farm |
| 15:50 | Build | House |
| 16:08 | Queue | Villager (Male) |
| 16:12 | Build | Farm |
| 16:18 | Queue | Villager (Male) |
| 16:20 | Build | Palisade Wall |
| 16:23 | Build | Farm |
| 16:26 | Build | Farm |
| 16:28 | Build | Farm |
| 16:30 | Build | Farm |
| 16:39 | Queue | Archer |
| 16:40 | Queue | Archer |
| 16:47 | Build | Palisade Wall |
| 16:51 | Build | Farm |
| 16:52 | Queue | Villager (Male) |
| 17:08 | Queue | Archer |
| 17:15 | Build | Palisade Wall |
| 17:18 | Queue | Villager (Male) |
| 17:19 | Build | Farm |
| 17:36 | Queue | Skirmisher |
| 17:40 | Research | Padded Archer Armor |
| 17:53 | Queue | Villager (Male) |
| 18:01 | Queue | Villager (Male) |
| 18:13 | Queue | Archer |
| 18:30 | Queue | Villager (Male) |
| 18:42 | Queue | Skirmisher |
| 18:53 | Build | Palisade Wall |
| 19:17 | Build | House |
| 19:26 | Research | Castle Age |
| 19:26 | Research | Castle Age |
| 19:37 | Build | Stable |
| 19:50 | Queue | Villager (Male) |
| 20:03 | Build | House |
| 20:09 | Build | Stable |
| 20:25 | Queue | Villager (Male) |
| 20:33 | Queue | Scout Cavalry |
| 20:54 | Queue | Scout Cavalry |
| 20:56 | Queue | Scout Cavalry |
| 21:03 | Build | Farm |
| 21:04 | Queue | Scout Cavalry |
| 21:35 | Build | Palisade Gate |
| 21:51 | Build | Palisade Wall |
| 21:52 | Build | Palisade Wall |
| 22:06 | Age | Castle Age |
| 22:06 | Research | Bodkin Arrow |
| 22:19 | Queue | Knight |
| 22:34 | Queue | Villager (Male) |
| 22:36 | Queue | Knight |
| 22:40 | Build | Town Center |
| 22:43 | Queue | Archer |
| 22:53 | Queue | Villager (Male) |
| 22:53 | Queue | Archer |
| 23:00 | Queue | Knight |
| 23:09 | Queue | Archer |
| 23:13 | Build | University |
| 23:15 | Build | Town Center |
| 23:21 | Queue | Archer |
| 23:34 | Queue | Archer |
| 23:45 | Queue | Villager (Male) |
| 23:51 | Queue | Villager (Male) |
| 24:00 | Research | Ballistics |
| 24:00 | Research | Ballistics |
| 24:04 | Queue | Villager (Male) |
| 24:17 | Queue | Villager (Male) |
| 24:20 | Queue | Villager (Male) |
| 24:26 | Queue | Archer |
| 24:35 | Queue | Villager (Male) |
| 24:38 | Queue | Villager (Male) |
Match timeline
| 5:48 | Mawashigeri · first_building Barracks |
| 7:32 | Old Boris · first_building Barracks |
| 8:11 | Mawashigeri · wall_segment Palisade Wall x4 |
| 9:04 | Old Boris · wall_segment Palisade Wall x1 |
| 9:05 | Old Boris · wall_segment Palisade Wall x1 |
| 9:16 | Old Boris · age_up feudal |
| 9:22 | Mawashigeri · age_up feudal |
| 10:09 | Mawashigeri · first_building Archery Range |
| 11:00 | Old Boris · wall_segment Palisade Wall x1 |
| 11:01 | Old Boris · wall_segment Palisade Wall x1 |
| 11:18 | Old Boris · first_building Archery Range |
| 12:01 | Old Boris · wall_segment Palisade Wall x1 |
| 12:54 | Old Boris · wall_segment Palisade Wall x1 |
| 12:54 | Old Boris · wall_segment Palisade Wall x1 |
| 14:38 | Mawashigeri · wall_segment Palisade Wall x4 |
| 14:40 | Old Boris · wall_segment Palisade Wall x5 |
| 15:36 | Old Boris · wall_segment Palisade Wall x1 |
| 16:10 | Old Boris · wall_segment Palisade Wall x6 |
| 16:20 | Mawashigeri · wall_segment Palisade Wall x9 |
| 16:47 | Mawashigeri · wall_segment Palisade Wall x6 |
| 17:15 | Mawashigeri · wall_segment Palisade Wall x1 |
| 18:53 | Mawashigeri · wall_segment Palisade Wall x1 |
| 19:37 | Mawashigeri · first_building Stable |
| 21:51 | Mawashigeri · wall_segment Palisade Wall x1 |
| 21:52 | Mawashigeri · wall_segment Palisade Wall x1 |
| 22:06 | Mawashigeri · age_up castle |
| 23:59 | Old Boris · wall_segment Palisade Wall x17 |
| 24:56 | Old Boris · age_up castle |
| 25:15 | Old Boris · first_building Stable |
| 25:39 | Old Boris · resign |
[ AI ANALYSIS · 1 CREDIT ]
What really happened in this match?
Wolo.gg analyzes every decision: build order, eco, micro, common mistakes by bracket. Personalized analysis on WhatsApp or Discord in 30 seconds.
Civ guide
Goths
Perfil
Jugador #2473598